Map: Waterfall

Players

Floki - Winner!

  • Race: Terran Terran
  • Spawn Location: 7:00

MattBarry

  • Race: Zerg Zerg
  • League: Gold
  • Spawn Location: 1:00

VOD

Have the link to the VOD?

Description

Time

  • Played on: Jan. 21, 2023, 3:13 a.m.
  • Length: 13:27
Show
View Real Time Build Order
Export as new Build Order

Floki Terran - Winner!

Build Orders: 2 Factory, Command Center First (CC), Mech 

Get SALT Encoding   

  12  0:00  SCV  
  13  0:12  SCV  
  14  0:17  Supply Depot  
  14  0:24  SCV  
  15  0:39  SCV  
  16  0:51  SCV  
  17  1:02  Command Center  
  17  1:05  SCV  
  18  1:15  Barracks  
  18  1:20  SCV  
  19  1:26  Refinery  
  19  1:32  SCV  
  20  1:44  SCV  
  20  1:45  Supply Depot  
  21  1:50  Refinery  
  21  1:56  SCV  
  22  2:02  Marine  
  22  2:08  Orbital Command  
  23  2:27  Barracks Reactor  
  23  2:45  Factory  
  23  2:56  Command Center  
  23  3:03  Marine x2  
  26  3:05  SCV  
  26  3:17  SCV  
  27  3:20  Factory  
  27  3:36  Barracks Tech Lab  
  27  3:39  Hellion x2  
  27  3:40  SCV  
  32  3:46  Supply Depot  
  32  4:00  Hellion x2  
  36  4:15  Bunker  
  37  4:17  Orbital Command, SCV  
  37  4:20  Orbital Command  
  37  4:29  Factory Tech Lab  
  37  4:32  SCV  
  38  4:42  Marine  
  38  4:43  Hellion  
  38  4:44  SCV, Hellion  
  44  4:49  Supply Depot  
  44  4:54  Supply Depot  
  44  4:57  Supply Depot, SCV  
  45  5:02  Infernal Pre-Igniter  
  45  5:12  SCV x3  
  48  5:25  Siege Tank  
  51  5:46  Supply Depot  
  51  5:47  SCV x2  
  51  5:48  SCV  
  54  5:51  Marine  
  54  5:52  Stimpack  
  54  5:55  Widow Mine x2  
  54  5:56  Starport  
  59  5:59  SCV  
  59  6:00  SCV  
  61  6:09  Marine  
  60  6:23  Siege Tank  
  60  6:24  Widow Mine x2  
  67  6:26  Marine  
  68  6:34  Starport Reactor  
  68  6:39  Armory  
  68  6:40  SCV x3  
  68  6:44  Marine  
  68  6:45  Refinery x2  
  72  6:52  SCV  
  73  7:14  Siege Tank  
  73  7:15  Widow Mine x2, Marine  
  78  7:20  Orbital Command  
  77  7:23  Liberator  
  77  7:24  Liberator  
  77  7:30  SCV  
  77  7:34  Marauder  
  77  7:35  Terran Vehicle Weapons Level 1  
  80  7:40  Factory, SCV  
  81  7:55  Marine, SCV x2  
  81  7:56  SCV  
  82  8:12  Marine  
  82  8:14  Refinery  
  82  8:19  Refinery  
  83  8:21  Siege Tank  
  85  8:31  Marauder  
  87  8:37  Factory Tech Lab  
  87  8:39  Factory  
  87  8:44  SCV x2  
  87  8:45  SCV  
  90  8:49  Medivac  
  90  8:52  Marine  
  93  9:03  Refinery  
  93  9:16  Supply Depot  
  93  9:17  Supply Depot  
  93  9:19  Supply Depot x3  
  93  9:20  Supply Depot x2  
  93  9:22  Supply Depot  
  93  9:38  Hellbat, Marine, Medivac, SCV x3, Siege Tank x2  
  101  9:39  Hellbat  
  101  9:40  Supply Depot, Medivac  
  111  9:45  Supply Depot  
  111  9:50  SCV  
  112  9:56  Marauder  
  114  10:06  Hellbat  
  118  10:07  Hellbat, SCV, Hellion  
  118  10:09  Thor  
  118  10:10  Thor  
  133  10:17  Marine  
  131  10:32  Viking x2  
  137  10:36  Marauder  
  137  10:41  Hellbat x2  
  143  10:43  Factory Tech Lab  
  141  10:53  Hellbat, Terran Vehicle Weapons Level 2, Siege Tank  
  141  10:56  Armory  
  146  11:02  Viking x2  
  150  11:20  Command Center  
  150  11:23  Command Center  
  150  11:32  Viking x2  
  154  11:44  Supply Depot  
  154  12:00  Marine  
  155  12:02  Viking x2, Siege Tank x3  
  155  12:05  Hellion x2  
  155  12:07  Supply Depot  
  170  12:19  Marauder  
  172  12:26  Hellion  
  172  12:29  Supply Depot  
  174  12:34  Siege Tank x2  
  177  12:39  Marine  
  172  12:45  Siege Tank  
  172  12:46  Viking x2  
  172  12:50  SCV x4  
  181  12:56  Engineering Bay  
  181  12:58  Marauder  
Show
View Real Time Build Order
Export as new Build Order

MattBarry Zerg 

Build Orders: Pool First 

Get SALT Encoding   

  12  0:00  Drone  
  13  0:13  Overlord  
  13  0:19  Drone  
  14  0:24  Extractor  
  14  0:27  Drone  
  14  0:34  Drone  
  15  0:38  Drone  
  16  0:50  Spawning Pool  
  16  0:55  Drone  
  16  1:09  Drone  
  17  1:20  Drone  
  18  1:31  Hatchery  
  17  1:37  Zergling x4  
  19  1:44  Queen  
  21  1:55  Zergling x2, Metabolic Boost  
  22  2:02  Drone, Extractor  
  23  2:14  Overlord  
  23  2:19  Extractor  
  23  2:21  Evolution Chamber  
  23  2:22  Zergling x2  
  22  2:23  Evolution Chamber  
  22  2:26  Zergling x2  
  24  2:45  Drone x3  
  24  2:48  Queen  
  29  2:59  Baneling Nest  
  29  3:03  Drone  
  29  3:04  Drone x2  
  31  3:06  Drone  
  31  3:12  Zergling x2  
  32  3:34  Zergling x4  
  32  3:35  Roach Warren, Zergling x6  
  36  3:47  Overlord x2  
  36  4:04  Overlord  
  36  4:05  Lair  
  34  4:16  Drone  
  37  4:17  Roach x4  
  37  4:20  Roach  
  45  4:27  Roach  
  47  4:37  Overlord  
  47  4:41  Roach  
  49  5:00  Roach  
  49  5:01  Roach, Zergling x6  
  49  5:02  Drone x4  
  55  5:21  Roach  
  52  5:35  Roach x3  
  56  5:37  Zergling x8  
  55  5:43  Roach  
  57  5:53  Drone  
  57  5:54  Drone x3  
  57  5:55  Extractor  
  60  6:02  Drone  
  60  6:15  Drone  
  60  6:16  Drone x2  
  58  6:27  Queen  
  58  6:28  Spine Crawler  
  58  6:30  Ravager  
  60  6:35  Ravager  
  61  6:43  Drone x2  
  63  6:47  Spine Crawler, Extractor  
  63  6:48  Roach, Extractor  
  63  6:49  Roach  
  46  7:14  Drone x10  
  51  7:19  Drone  
  51  7:23  Drone  
  52  7:40  Drone x3  
  55  7:47  Drone  
  56  7:53  Drone x2  
  56  7:54  Drone x2  
  60  8:03  Glial Reconstitution  
  53  8:23  Zergling x4  
  53  8:24  Zergling x4, Roach  
  53  8:25  Zergling x2  
  53  8:26  Overlord x3  
  60  8:40  Overlord x2  
  60  8:50  Drone x3  
  58  9:02  Roach x3  
  64  9:05  Ravager x3  
  67  9:13  Drone x5  
  72  9:25  Zergling x10  
  77  9:34  Hatchery  
  77  9:36  Drone  
  77  9:37  Drone x3  
  78  9:46  Spore Crawler x2  
  78  9:48  Spore Crawler  
  78  9:49  Spore Crawler  
  74  9:56  Queen x2  
  78  10:02  Spore Crawler, Roach  
  78  10:03  Roach x3  
  78  10:04  Spore Crawler, Zergling x2  
  75  10:22  Drone x3  
  78  10:39  Drone  
  78  10:41  Drone x2  
  81  10:50  Drone  
  81  10:55  Hydralisk Den  
  81  10:59  Overlord  
  81  11:02  Drone  
  82  11:04  Drone  
  83  11:23  Zerg Missile Weapons Level 1  
  85  11:30  Zergling x2  
  85  11:31  Zergling x12  
  87  11:45  Overseer  
  80  11:50  Zergling x14  
  80  11:51  Zergling x4  
  80  11:53  Zergling x2  
  80  11:58  Zergling x4  
  81  12:20  Overlord x2  
  81  12:25  Overlord  
  62  12:38  Zergling x6  
  62  12:39  Zergling x6  
  62  12:42  Zergling x2  
  34  12:50  Zergling x2  
  30  13:00  Zergling x4  
  30  13:04  Zergling x2  
Tags
 
Add a new tag
Caveats
  • Supply blocks, unpowered buildings, or Contaminate may cause inaccurate times.
  • Supply counts are checked every 10 seconds.